 Dungeon Crawl Stone Soup version 0.28.0-53-g5a82cb258f (webtiles) character file.

Game seed: 9884703584490445394

5023 styxcanada the Covert (level 10, -8/49 HPs)
             Began as a Spriggan Brigand on July 28, 2022.
             Was an Initiate of Gozag.
             Mangled by Grum
             ... wielding a +1 halberd
              (26 damage)
             ... on level 9 of the Dungeon.
             The game lasted 00:39:28 (9832 turns).

styxcanada the Covert (Spriggan Brigand)            Turns: 9832, Time: 00:39:29

Health: -8/49      AC:  4    Str:  7    XL:     10   Next: 30%
Magic:  18/18      EV: 27    Int: 16    God:    Gozag
Gold:   821        SH:  0    Dex: 21    Spells: 15/19 levels left

rFire   . . .      SeeInvis +   D - +10 dagger "Oqeeshay" {spect, +Blink rN+ Int+3}
rCold   . . .      Faith    .   (no shield)
rNeg    + . .      Spirit   .   b - +0 robe
rPois   .          Reflect  .   (helmet restricted)
rElec   .          Harm     .   c - +1 cloak
rCorr   +          Rampage  .   (gloves unavailable)
Will    +....                   (boots unavailable)
Stlth   ++++++....              C - amulet of regeneration
HPRegen 0.96/turn               t - ring of resist corrosion
MPRegen 0.16/turn               A - +4 ring of evasion

@: very quick
A: very small, no large weapons, unfitting armour, see invisible, speed 3
a: Renounce Religion, Evoke Blink, Potion Petition, Call Merchant, Bribe Branch


You were on level 9 of the Dungeon.
You worshipped Gozag.
Gozag was pleased with you.
You visited 2 branches of the dungeon, and saw 10 of its levels.

You collected 897 gold pieces.
You paid 76 gold pieces to Gozag.

Inventory:

Hand Weapons
 i - a +3 dagger of draining
 D - the +10 dagger "Oqeeshay" (weapon) {spect, +Blink rN+ Int+3}
   (You found it on level 9 of the Dungeon)

   When its wielder attacks, the weapon's spirit leaps out and strikes again.
   The spirit shares a part of any damage it takes with its wielder.
   Int:       It affects your intelligence (+3).
   rN:        It protects you from negative energy.
   +Blink:    It lets you blink.
 E - a +2 mace of protection
 F - a +0 hunting sling
 J - a +2 short sword of draining
Missiles
 e - 2 curare-tipped darts
 j - 148 stones
 k - 5 boomerangs
 p - 108 sling bullets
 x - 10 poisoned darts (quivered)
 G - 4 silver boomerangs
Armour
 a - an orb of mayhem
 b - a +0 robe (worn)
 c - a +1 cloak (worn)
Jewellery
 t - a ring of resist corrosion (left hand)
 A - a +4 ring of evasion (right hand)
 C - an amulet of regeneration (around neck)
 I - a ring of magical power
Wands
 m - a wand of mindburst (6)
 q - a wand of iceblast (14)
 K - a wand of polymorph (16)
Scrolls
 r - 7 scrolls of amnesia
 y - 2 scrolls of silence
 H - a scroll of fog
Potions
 d - 2 potions of might
 f - a potion of ambrosia
 g - 2 potions of attraction
 h - 4 potions of curing
 l - 2 potions of brilliance
 n - a potion of resistance
 o - 3 potions of mutation
 s - 2 potions of lignification
 u - a potion of berserk rage
 v - 4 potions of heal wounds
 w - a potion of cancellation
 z - a potion of flight {unknown}
 B - a potion of degeneration {unknown}


   Skills:
 + Level 3.8 Fighting
 + Level 5.9 Short Blades
 + Level 4.0(5.6) Slings
 + Level 5.0(5.5) Throwing
 * Level 7.2 Dodging
 * Level 12.7 Stealth
 * Level 5.0 Spellcasting
 * Level 2.4 Summonings
 * Level 3.3 Ice Magic
 * Level 5.7 Evocations


You had 15 spell levels left.
You knew the following spells:

 Your Spells              Type           Power      Damage    Failure   Level
a - Freeze                Ice            56%        1d7       3%          1
b - Call Canine Familiar  Summ           11%        N/A       17%         3

Your spell library contained the following spells:

 Spells                   Type           Power      Damage    Failure   Level
 Frozen Ramparts          Ice            28%        1d4       12%         3
 Slow                     Hex            16%        N/A       16%         1
 Static Discharge         Conj/Air       4%         N/A       22%         2
 Confusing Touch          Hex            4%         N/A       41%         3
 Portal Projectile        Hex/Tloc       8%         N/A       41%         3
 Vampiric Draining        Necr           4%         2d6       41%         3
 Hailstorm                Conj/Ice       9%         3d4       58%         4
 Dispel Undead            Necr           4%         3d7       83%         4
 Leda's Liquefaction      Hex/Erth       2%         N/A       83%         4
 Sticky Flame             Conj/Fire      4%         2d3       83%         4
 Blade Hands              Tmut           2%         N/A       99%         5
 Excruciating Wounds      Necr           2%         N/A       99%         5
 Yara's Violent Unravell  Hex/Tmut       2%         3d3       99%         5
 Enfeeble                 Hex            2%         N/A       100%        7


Dungeon Overview and Level Annotations

Branches:
Dungeon (9/15)             Temple (1/1) D:6
   Lair: D:8-11         Orc: D:9-12

Altars:
Cheibriados
Dithmenos
Elyvilon
Gozag
Kikubaaqudgha
Makhleb
Okawaru
Qazlal
Ru
Sif Muna
Trog
Uskayaw
Wu Jian
Zin
The Shining One

Annotations:
D:9 Grum


Innate Abilities, Weirdness & Mutations

You are very small and have problems with some larger weapons.
You are too small for most types of armour.
You have supernaturally acute eyesight. (SInv)
You cover ground extremely quickly. (Speed+++)


Message History

The wolf closely misses you. The wolf completely misses you.
You miss the wolf.
The wolf is lightly wounded.
The wolf is distracted by your dazzling golden aura.
Grum completely misses you. The wolf misses you.
You miss the wolf.
The wolf is lightly wounded.
The wolf howls!
Grum barely misses you. The wolf completely misses you.
You completely miss the wolf.
The wolf is lightly wounded.
The wolf is no longer distracted by gold.
Grum closely misses you. The wolf bites you.
You barely miss the wolf. You punch the wolf, but do no damage.
The wolf is lightly wounded.
Grum completely misses you. The wolf bites you but does no damage.
You hit the wolf but do no damage.
The wolf is lightly wounded.
The wolf closely misses you. Grum completely misses you. The wolf misses you.
Grum misses you.
You closely miss the wolf.
The wolf is lightly wounded.
The wolf misses you.
Grum hits you from afar with a +1 halberd!!
Ouch! That really hurt!
You puncture the wolf!
The wolf is heavily wounded.
The wolf barely misses you. Grum completely misses you.
You miss the wolf.
The wolf is heavily wounded.
The wolf bites you. Grum barely misses you. The wolf completely misses you.
You puncture the wolf!
The wolf is severely wounded.
Grum closely misses you. The wolf bites you but does no damage.
You hit the wolf.
The wolf is almost dead.
Grum hits you from afar with a +1 halberd!!
Ouch! That really hurt!
You die...
Your body crumbles into a pile of gold.

..........#...######'###
.......................#
...#...#...#...........#
#.....###............#
.#.....#.#............#
#..##'.....'##............#
#
#.#...##'##...#...........#
#.....#.. #...............#
#.....#.. #@##............#
##.....#$ #h#...#####+#####
# ##. #...#####hg.#.# #
#..Z #'.....Z##..# #
#....#=#.....#.# ## +
#....###§....### #
#...#.Z.#...#...# #
#.....§§......#... #
.............## ##


You could see Grum (fast), 2 wolves and a centaur zombie.

Vanquished Creatures
  A hydra (D:9)
  A two-headed ogre (D:5)
  Psyche (D:8)
  2 hornets
  Sigmund (D:3)
  A wraith (D:7)
  A wyvern (D:9)
  A vampire (D:9)
  Eustachio (D:4)
  An ice beast (D:7)
  2 sky beasts
  An orc warrior (D:7)
  4 ogres
  A wolf (D:9)
  2 phantoms
  A kobold brigand (D:8)
  2 bullfrogs
  A gnoll sergeant (D:8)
  2 water moccasin zombies
  4 scorpions
  A killer bee (D:9)
  A water moccasin skeleton (D:4)
  3 howler monkeys
  2 centaur zombies
  2 orc priests
  A bullfrog skeleton (D:7)
  A hound (D:7)
  Crazy Yiuf (D:5)
  2 iguanas
  3 orc wizards
  A killer bee zombie (D:7)
  2 hound skeletons
  5 adders
  9 gnolls
  A shadow imp (D:6)
  A white imp (D:6)
  2 ufetubi (D:5)
  An adder skeleton (D:4)
  2 worms (D:2)
  4 dart slugs
  23 orcs
  8 bats
  12 endoplasms
  3 giant cockroaches
  8 goblins
  3 hobgoblins
  5 jackals
  9 kobolds
  4 quokkas
  4 ball pythons
  3 frilled lizards
  A quokka skeleton (D:4)
  11 rats
170 creatures vanquished.

Notes
Turn   | Place    | Note
-------+----------+-------------------------------------------
     0 | D:1      | styxcanada the Spriggan Brigand began the quest for the
                  | Orb.
     0 | D:1      | Reached XP level 1. HP: 10/10 MP: 2/2
    14 | D:1      | Reached skill level 6 in Stealth
   175 | D:1      | Reached XP level 2. HP: 13/14 MP: 3/3
   475 | D:1      | Reached skill level 7 in Stealth
   724 | D:1      | Found a faded altar of an unknown god.
   877 | D:1      | Reached XP level 3. HP: 18/18 MP: 4/4
  2215 | D:2      | Found an iron altar of Okawaru.
  2248 | D:2      | Reached XP level 4. HP: 23/23 MP: 5/5
  2732 | D:3      | Noticed a scorpion
  2787 | D:3      | Killed a scorpion
  2788 | D:3      | Reached skill level 8 in Stealth
  2788 | D:3      | Reached XP level 5. HP: 24/26 MP: 6/6
  3259 | D:3      | Noticed Sigmund
  3350 | D:3      | Killed Sigmund
  3351 | D:3      | Reached skill level 9 in Stealth
  3351 | D:3      | Reached XP level 6. HP: 7/31 MP: 7/7
  4232 | D:4      | Noticed Eustachio
  4254 | D:4      | Killed Eustachio
  4255 | D:4      | Reached skill level 10 in Stealth
  4255 | D:4      | Reached skill level 1 in Evocations
  4255 | D:4      | Reached XP level 7. HP: 35/35 MP: 8/8
  4879 | D:4      | Learned a level 1 spell: Freeze
  5379 | D:5      | Entered Level 5 of the Dungeon
  5521 | D:5      | Found a runed translucent door.
  5522 | D:5      | Noticed Crazy Yiuf
  5545 | D:5      | Killed Crazy Yiuf
  5546 | D:5      | Reached skill level 1 in Spellcasting
  6180 | D:5      | Noticed a two-headed ogre
  6286 | D:5      | Killed a two-headed ogre
  6287 | D:5      | Reached skill level 5 in Dodging
  6287 | D:5      | Reached skill level 11 in Stealth
  6287 | D:5      | Reached skill level 1 in Ice Magic
  6287 | D:5      | Reached XP level 8. HP: 26/40 MP: 10/12
  6723 | D:6      | Found a staircase to the Ecumenical Temple.
  6770 | Temple   | Entered the Ecumenical Temple
  6802 | Temple   | Became a worshipper of Gozag Ym Sagoz the Greedy
  7056 | D:6      | Learned a level 3 spell: Call Canine Familiar
  7418 | D:6      | Reached XP level 9. HP: 44/44 MP: 14/14
  7772 | D:7      | Reached skill level 5 in Short Blades
  7861 | D:7      | Reached skill level 1 in Summonings
  8574 | D:8      | Noticed Psyche
  8578 | D:8      | Killed Psyche
  8579 | D:8      | Reached skill level 12 in Stealth
  8643 | D:8      | Reached skill level 5 in Evocations
  9476 | D:9      | Identified the +10 dagger "Oqeeshay" {spect, +Blink rN+
                  | Int+3}
  9562 | D:9      | Reached XP level 10. HP: 49/49 MP: 15/17
  9617 | D:9      | Noticed a four-headed hydra
  9627 | D:9      | Killed a four-headed hydra
  9663 | D:9      | Reached skill level 5 in Throwing
  9663 | D:9      | Reached skill level 5 in Spellcasting
  9804 | D:9      | Noticed Grum
  9832 | D:9      | Mangled by Grum

Illustrated notes

Levels and vault maps discovered:
D:1:      elethiomel_arrival_diamonds, layout_loops_corners,
          basic_ecumenical_altar
D:2:      layout_basic, basic_altar
D:3:      layout_rooms, uniq_sigmund
D:4:      cheibrodos_helix_gallery, layout_basic, minmay_three_crescents,
          uniq_eustachio
D:5:      layout_loops_ring, amcnicky_mini_pool_small, uniq_crazy_yiuf_cottage
D:6:      layout_rooms, minmay_temple_entry_large_hall, nicolae_sextant
D:7:      layout_basic
D:8:      layout_basic, uniq_psyche
D:9:      layout_roguey, minmay_fractal_squares_diagonal_5, uniq_grum
Temple:   grunt_wide_crystal_templ

Skill      XL: |  1  2  3  4  5  6  7  8  9 10 |
---------------+-------------------------------+-----
Stealth        | 6 7 8 9 10 11 12 | 12.7
Dodging        | 2 3 5 6 7 |  7.2
Fighting       | 2 3 |  3.8
Short Blades   | 3 4 5 |  5.9
Throwing       | 3 4 5 |  5.0
Evocations     | 1 3 4 5 |  5.7
Spellcasting   | 2 3 4 5 |  5.0
Slings         | 2 4 |  4.0
Ice Magic      | 1 2 3 |  3.3
Summonings     | 2 |  2.4

Action                   |  1- 3 |  4- 6 |  7- 9 | 10-12 || total
-------------------------+-------+-------+-------+-------++-------
Melee: Dagger            |   123 |    92 |   268 |    22 ||   505
       Punch             |       |     2 |     3 |     1 ||     6
       Short sword       |       |       |    34 |       ||    34
 Fire: Hunting sling     |       |       |    30 |       ||    30
Throw: Dart              |    20 |    26 |    65 |     9 ||   120
       Stone             |       |       |     2 |       ||     2
 Cast: Freeze            |       |       |     2 |       ||     2
Evoke: Wand              |       |       |     4 |       ||     4
  Use: Scroll            |     6 |     3 |    15 |       ||    24
 Stab: Sleeping          |    14 |    13 |    14 |       ||    41
       Distracted        |     1 |       |     2 |       ||     3
Armor: Robe              |    12 |     1 |    15 |     2 ||    30
Dodge: Dodged            |    61 |    36 |   204 |    39 ||   340
